 Dungeon Crawl Stone Soup version 0.23-a0-550-g7de1f8ee9f (webtiles) character file.

60 RKaid the Ruffian (level 4, -6/37 HPs)
             Began as a Ghoul Warper on Dec 8, 2018.
             Mangled by Robin
             ... wielding a +0 spear
              (7 damage)
             ... on level 2 of the Dungeon.
             The game lasted 00:04:00 (1634 turns).

RKaid the Ruffian (Ghoul Warper)                    Turns: 1634, Time: 00:04:00

Health: -6/37      AC:  3    Str: 15    XL:     4   Next: 4%
Magic:  5/5        EV: 11    Int:  8    God:
Gold:   56         SH:  0    Dex:  8    Spells: 6/6 levels left

rFire    . . .     SeeInvis .     - Unarmed
rCold    + . .     Gourm    .   (no shield)
rNeg     + + +     Faith    .   a - +0 leather armour
rPois    ∞         Spirit   .   (no helmet)
rElec    .         Reflect  .   (no cloak)
rCorr    .         Harm     .   (no gloves)
MR       .....                  (no boots)
Stlth    +.........             (no amulet)
HPRegen  0.00/turn              (no ring)
MPRegen  0.09/turn              (no ring)

@: rotting
A: rotting body, claws 1, carnivore, cold resistance 1, negative energy
resistance 3, inhibited regeneration, torment resistance, unbreathing
a: no special abilities


You were on level 2 of the Dungeon.
You were not hungry.

You visited 1 branch of the dungeon, and saw 2 of its levels.

You collected 56 gold pieces.

Inventory:

Missiles
 d - 2 tomahawks of dispersal (quivered) {=f}
 j - 24 sling bullets {@Q1}
Armour
 a - a +0 leather armour (worn)
Scrolls
 e - 2 scrolls of identify {unknown}
 g - a scroll of remove curse {unknown}
 i - a scroll of enchant armour {unknown}
 k - a scroll of magic mapping {unknown}
 l - a scroll of blinking {!r}
Potions
 c - 2 potions of curing
 h - a potion of mutation {unknown}
Comestibles
 f - 3 rations


   Skills:
 + Level 2.9 Fighting
 - Level 0.8 Throwing
 + Level 1.7 Armour
 - Level 1.7 Dodging
 * Level 3.6 Unarmed Combat
 - Level 1.7 Spellcasting
   Level 2.6 Translocations


You had 6 spell levels left.
You didn't know any spells.
Your spell library contained the following spells:

 Spells                   Type           Power        Failure   Level  Hunger
 Blink                    Tloc           N/A          22%         2    ###....
 Shroud of Golubria       Chrm/Tloc      #.........   36%         2    ###....
 Gell's Gravitas          Tloc           #.........   41%         3    ####...
 Lesser Beckoning         Tloc           #.........   41%         3    ####...
 Teleport Other           Tloc           #.......     41%         3    ####...
 Passage of Golubria      Tloc           N/A          83%         4    #####..


Dungeon Overview and Level Annotations

Branches:
Dungeon (2/15)

Altars:

Annotations:
D:2 Robin, Sigmund


Innate Abilities, Weirdness & Mutations

Your body is rotting away.
You thrive on raw meat.
You are immune to poison.
You have sharp fingernails.
You are carnivorous and can eat meat at any time.
Your flesh is cold resistant. (rC+)
You are immune to negative energy. (rN+++)
You do not regenerate when monsters are visible.
You are immune to unholy pain and torment.
You can survive without breathing.


Message History

You barely miss the goblin. The goblin hits you with a +0 dagger.
You scratch the goblin.
You kill the goblin!
You barely miss the goblin. The goblin hits you but does no damage.
You barely miss the goblin. You closely miss the goblin.
Your claw misses the goblin. The goblin barely misses you.
You scratch the goblin. Your claw misses the goblin.
The goblin hits you with a +0 dagger.
You claw the goblin!
You kill the goblin!
You barely miss the goblin. The goblin closely misses you.
You closely miss the goblin. The goblin hits you but does no damage.
You scratch the goblin.
You kill the goblin!
The goblin wields a +1 hunting sling of flaming.
It bursts into flame!
The goblin shoots a sling bullet.
The sling bullet hits you. The sling bullet burns you.
You closely miss the hobgoblin. You claw the hobgoblin!
You kill the hobgoblin!
The goblin shoots a sling bullet.
The sling bullet hits you. The sling bullet burns you.
Eat one of 3 chunks of flesh? (ye/n/q)
You eat one of the 3 chunks of flesh.
This raw flesh tastes great!
The goblin hits you with a +0 club.
Eat one of 2 chunks of flesh? (ye/n/q)
You eat one of the 2 chunks of flesh.
This raw flesh tastes great!
The goblin hits you with a +0 club.
Eat a chunk of flesh? (ye/n/q)
You eat the chunk of flesh.
This raw flesh tastes great!
The goblin barely misses you.
You closely miss the goblin. The goblin barely misses you.
You scratch the goblin.
You kill the goblin!
The goblin shoots a sling bullet.
The sling bullet hits you but does no damage.
You barely miss the goblin. You closely miss the goblin.
The goblin hits you with a +0 dagger. Robin throws the goblin at you!
The goblin unwields a +1 hunting sling of flaming.
It stops flaming.
The goblin closely misses you.
You barely miss the goblin. The goblin hits you but does no damage.
Robin drinks a potion.
Robin seems to speed up.
The goblin closely misses you.
You scratch the goblin.
You kill the goblin!
You have reached level 4!
Robin roars a battlecry!
The goblin goes into a battle-frenzy!
The goblin hits you with a +0 dagger. Robin hits you but does no damage.
Things that are here:
a +1 hunting sling of flaming; 21 sling bullets {@Q1}; a goblin corpse You scratch the goblin.
You kill the goblin!
Robin hits you from afar with a +0 spear.
Robin throws the goblin at you! The goblin barely misses you.
Quiver which item? (- for none, * to show all) (? for menu, Esc to quit)
Quivering
d - 5 tomahawks of dispersal {=f} for throwing.
Throwing (i - inventory)
d - 5 tomahawks of dispersal (quivered)
{=f}
Press: ? - help, Shift-Dir - straight line, f - goblin
Aim: a goblin (unusually strong)
You throw a tomahawk of dispersal {=f}.
The tomahawk of dispersal {=f} barely misses the goblin.
Robin hits you from afar with a +0 spear.
* * * LOW HITPOINT WARNING * * *
The goblin hits you.
* * * LOW HITPOINT WARNING * * *
Robin hits you from afar with a +0 spear.
* * * LOW HITPOINT WARNING * * *
It was a potion of curing.
You feel better.
c - 2 potions of curing Robin hits you but does no damage.
The goblin barely misses you.
You closely miss the goblin.
Robin hits you from afar with a +0 spear.
The goblin barely misses you.
Robin hits you from afar with a +0 spear.
* * * LOW HITPOINT WARNING * * *
Throwing (i - inventory)
d - 4 tomahawks of dispersal (quivered)
{=f}
Press: ? - help, Shift-Dir - straight line, f/p - goblin
Aim: a goblin (unusually strong)
You throw a tomahawk of dispersal {=f}.
The tomahawk of dispersal {=f} misses the goblin.
Robin barely misses you. The goblin hits you.
* * * LOW HITPOINT WARNING * * *
Throwing (i - inventory)
d - 3 tomahawks of dispersal (quivered)
{=f}
Press: ? - help, Shift-Dir - straight line, f/p - goblin
Aim: a goblin (unusually strong)
You throw a tomahawk of dispersal {=f}.
The tomahawk of dispersal {=f} hits the goblin!
The goblin blinks!
You kill the goblin!
Robin hits you from afar with a +0 spear.
* * * LOW HITPOINT WARNING * * *
Robin hits you from afar with a +0 spear.
* * * LOW HITPOINT WARNING * * *
Robin misses you.
Robin hits you from afar with a +0 spear.
* * * LOW HITPOINT WARNING * * *
Robin hits you from afar with a +0 spear!
You die...

#######...... ####...# #.#
.#
............#.......#.###..
##
#.>....#.##.##.#..###..##..#
#. #......#g......#..#
##.##..# #.
#.....gg.##)#..#..## #.##..#
#. #.....g####)#..#...#
#@##..# #. #...gg.
#)#..#...###.##..# #.
#..g... #g#.......##..#..#
#.
#......####.#g.@....###.#..#
## #.....g#......###.#.#
#.#..# #
....g..#..†...#.....###.#..#
#
...##.##......+...#.#.#....#
# ##.....#.#.#.#.##...# #
#.....#.#.###......#####
###.###..........>......
#.............###....#.#
#........#.##.....#..#.#


You could see Robin.

Vanquished Creatures
  A dart slug (D:1)
  A leopard gecko (D:1)
  3 bats
  4 giant cockroaches
  12 goblins
  7 hobgoblins
  8 jackals (D:1)
  5 kobolds (D:1)
  3 frilled lizards (D:1)
  5 rats (D:1)
49 creatures vanquished.

Notes
Turn   | Place    | Note
-------+----------+-------------------------------------------
     0 | D:1      | RKaid the Ghoul Warper began the quest for the Orb.
     0 | D:1      | Reached XP level 1. HP: 17/17 MP: 2/2
    34 | D:1      | Reached skill level 1 in Armour
   119 | D:1      | Reached XP level 2. HP: 25/25 MP: 3/3
   417 | D:1      | Reached skill level 3 in Unarmed Combat
   760 | D:1      | Reached XP level 3. HP: 29/29 MP: 4/4
  1313 | D:2      | Noticed Sigmund
  1586 | D:2      | Noticed Robin
  1621 | D:2      | Reached XP level 4. HP: 23/37 MP: 5/5
  1625 | D:2      | HP: 8/37 [goblin[Robin] (3)]
  1629 | D:2      | HP: 3/37 [Robin/+0 spear (2)]
  1633 | D:2      | HP: 1/37 [Robin/+0 spear (2)]
  1634 | D:2      | Mangled by Robin

Vault maps used:
D:1:      lemuel_arrival_rhombus
D:2:      marbit_many_paths, lemuel_coloured_pillars_altar,
          kennysheep_flooded_box, tgw_kikubaaqudgha, uniq_sigmund, uniq_robin

Skill      XL: |  1  2 |
---------------+-------+-----
Armour         | 1 |  1.7
Unarmed Combat | 3 |  3.6
Fighting       | |  2.9
Throwing       | |  0.8
Dodging        | |  1.7
Spellcasting   | |  1.7
Translocations | |  2.6

Action                   |  1- 3 |  4- 6 || total
-------------------------+-------+-------++-------
Melee: Unarmed           |   143 |     2 ||   145
Throw: Tomahawk          |       |     3 ||     3
  Use: Potion            |       |     1 ||     1
  Eat: Chunk             |     8 |       ||     8
Armor: Leather armour    |    50 |     1 ||    51
Dodge: Dodged            |    71 |     5 ||    76

Table legend:
 A = Non-vault XP
 B = Vault XP
 C = Vault XP percentage of total XP
 D = Non-vault monster count
 E = Vault monster count
 F = Vault count percentage of total count
                 A         B        C        D         E       F
            +---------+---------+-------+---------+---------+-------
      Total |      64 |      22 |  25.6 |      37 |      12 |  24.5
            +---------+---------+-------+---------+---------+-------
        D:1 |      55 |       0 |   0.0 |      32 |       0 |   0.0
        D:2 |       9 |      22 |  71.0 |       5 |      12 |  70.6
            +---------+---------+-------+---------+---------+-------

Table legend:
 A = Turns spent in this place as a percentage of turns spent in the entire game.
 B = Non-inter-level travel turns spent in this place as a percentage of non-inter-level travel turns spent in the entire game.
 C = Inter-level travel turns spent in this place as a percentage of turns spent in this place.
 D = Turns resting spent in this place as a percentage of non-inter-level travel turns spent in this place.
 E = Turns spent auto-exploring this place as a percentage of non-inter-level travel turns spent in this place.
 F = Non-inter-level travel turns spent in this place divided by the number of levels of this place that you've seen.
                   A       B       C       D       E      F
               +-------+-------+-------+-------+-------+----------------------
         Total | 100.0 | 100.0 |   2.9 |  33.3 |  41.2 | 793.0
       Dungeon | 100.0 | 100.0 |   2.9 |  33.3 |  41.2 | 793.0
               +-------+-------+-------+-------+-------+----------------------

Table legend:
 A = Kills in this place as a percentage of kills in entire the game.
 B = Kills by you in this place as a percentage of kills by you in the entire game.
 C = Kills by friends in this place as a percentage of kills by friends in the entire game.
 D = Other kills in this place as a percentage of other kills in the entire game.
 E = Experience gained in this place as a percentage of experience gained in the entire game.
 F = Experience gained in this place divided by the number of levels of this place that you have seen.
                   A       B       C       D       E      F
               +-------+-------+-------+-------+-------+----------------------
         Total | 100.0 | 100.0 |   N/A |   N/A | 100.0 |  43.0
       Dungeon | 100.0 | 100.0 |   N/A |   N/A | 100.0 |  43.0
               +-------+-------+-------+-------+-------+----------------------
